 Dungeon Crawl Stone Soup version bcrawl-1.21.3 (webtiles) character file.

Game seed: 16410228292528796326

88 MisterOstroum the Insei (level 4, -4/34 HPs)
             Began as a Demonspawn Transmuter on Mar 25, 2020.
             Slain by Grinder (6 damage)
             ... while paralysed by Grinder
             ... on level 3 of the Dungeon.
             The game lasted 00:05:10 (2969 turns).

MisterOstroum the Insei (Demonspawn Transmuter)     Turns: 2969, Time: 00:05:11

Health: -4/34      AC:  2    Str: 11    XL:     4   Next: 29%
Magic:  1/7        EV:  5    Int: 15    God:
Gold:   81         SH:  0    Dex: 18    Spells: 1/7 levels left

rFire    . . .     SeeInvis .     - Unarmed
rCold    . . .     Gourm    .   (shield currently unavailable)
rNeg     . . .     Faith    .   (armour currently unavailable)
rPois    .         Spirit   .   (helmet currently unavailable)
rElec    .         Reflect  .   (cloak currently unavailable)
rCorr    .         Harm     .   (gloves currently unavailable)
MR       .....                  (boots currently unavailable)
Stlth    ++........             (no amulet)
HPRegen  0.11/turn              i - ring of poison resistance
MPRegen  0.10/turn              (no ring)

@: paralysed, spider-form (expiring), very slightly contaminated
A: tiny
a: End Transformation


You were on level 3 of the Dungeon.
You were very hungry.
You were a venomous arachnid creature.
You visited 1 branch of the dungeon, and saw 3 of its levels.

You collected 81 gold pieces.

Inventory:

Hand Weapons
 a - a +0 hunting sling (melded)
 q - a +2 spear of venom
 s - a +0 blowgun
Missiles
 m - 311 arrows
 n - 390 stones (quivered)
 x - 17 poisoned needles
Armour
 b - a +0 robe
 c - a +2 buckler
 f - a +2 helmet of intelligence (melded)
 r - a +1 animal skin (melded)
Jewellery
 i - a ring of poison resistance (left front leg)
Wands
 p - a wand of flame (10)
Scrolls
 d - a scroll of immolation {unknown}
 g - a scroll of fog {unknown}
 h - a scroll of blinking {@r4}
 j - a scroll of noise {unknown}
 k - 2 scrolls of remove curse {unknown}
 l - 5 scrolls of identify {unknown}
 u - a scroll of enchant armour {unknown}
 w - a scroll of amnesia {unknown}
Potions
 o - a potion of invisibility {unknown}
 t - a potion of flight {unknown}
 v - a potion of lignification {@q6}
Comestibles
 e - 6 rations {!d}


   Skills:
 + Level 2.5 Fighting
 - Level 1.7 Dodging
 - Level 3.2 Unarmed Combat
 - Level 2.0 Spellcasting
 + Level 2.3 Transmutations
 * Level 1.7 Poison Magic


You had one spell level left.
You knew the following spells:

 Your Spells              Type           Power        Failure   Level  Hunger
a - Beastly Appendage     Tmut           #.....       22%         1    #......
b - Sticks to Snakes      Tmut           #.......     30%         2    ###....
c - Spider Form           Tmut/Pois      #..          50%         3    ###....

Your spell library contained the following spells:

 Spells                   Type           Power        Failure   Level  Hunger
 Ice Form                 Ice/Tmut       #.......     92%         4    #####..
 Blade Hands              Tmut           #.........   98%         5    ######.


Dungeon Overview and Level Annotations

Branches:
Dungeon (3/12)

Altars:
Fedhas
Hepliaklqana

Annotations:
D:3 Grinder


Innate Abilities, Weirdness & Mutations

((You are partially covered in large bone plates. (SH +4)))
((You are partially covered in sharp spines.))


Message History

Found a stone staircase leading down.
There is an open door here.
Your transformation has ended.
Your +0 hunting sling unmelds from your body.
Your +2 helmet of intelligence unmelds from your body.
Your +1 animal skin unmelds from your body.
You feel clever.
Found 19 gold pieces.
Unknown command.
Found 72 needles of confusion and a scroll labeled RUOBOC APUSAK.
Grinder comes into view.
Grinder gestures at you. You resist with significant effort.
Found a hand axe.
Press: ? - help, v - describe, . - travel The floor.
Unknown command.
Evoke which item? (* to show all) (? for menu, Esc to quit)
Okay, then.
Unknown command.
Evoke which item? (* to show all) (? for menu, Esc to quit)
Aiming: Throw Flame
Press: ? - help, Shift-Dir - straight line, f - Grinder
Aim: Grinder The puff of flame hits Grinder!
Grinder is moderately wounded.
Evoke which item? (* to show all) (? for menu, Esc to quit)
Aiming: Throw Flame
Press: ? - help, Shift-Dir - straight line, f/p - Grinder
Aim: Grinder (moderately wounded)
The puff of flame hits Grinder.
Grinder is moderately wounded.
Evoke which item? (* to show all) (? for menu, Esc to quit)
Aiming: Throw Flame
Press: ? - help, Shift-Dir - straight line, f/p - Grinder
Aim: Grinder (moderately wounded)
The puff of flame hits Grinder!
Grinder is heavily wounded.
Evoke which item? (* to show all) (? for menu, Esc to quit)
Aiming: Throw Flame
Press: ? - help, Shift-Dir - straight line, f/p - Grinder
Aim: Grinder (heavily wounded)
The puff of flame misses Grinder.
Evoke which item? (* to show all) (? for menu, Esc to quit)
Aiming: Throw Flame
Press: ? - help, Shift-Dir - straight line, f/p - Grinder
Aim: Grinder (heavily wounded)
The puff of flame hits Grinder.
Grinder is severely wounded.
Evoke which item? (* to show all) (? for menu, Esc to quit)
Okay, then.
Unknown command.
Casting: Spider Form (safe; 24% risk of failure)
Confirm with . or Enter, or press ? or * to list all spells.
You miscast Spider Form.
You are very lightly contaminated with residual magic.
You feel slightly ill.
Casting: Spider Form (safe; 24% risk of failure)
Confirm with . or Enter, or press ? or * to list all spells.
You turn into a venomous arachnid creature.
Your +0 hunting sling melds into your body.
Your +2 helmet of intelligence melds into your body.
Your +1 animal skin melds into your body.
You feel stupid.
You are feeling very hungry.
Grinder hits you!
You hit Grinder but do no damage.
Grinder is severely wounded.
Grinder closely misses you.
You hit Grinder.
Grinder is severely wounded.
Grinder misses you.
You hit Grinder.
Grinder is poisoned.
Grinder is severely wounded.
Grinder says, "DUCK!"
Grinder gestures at you. Pain shoots through your body!
You hit Grinder but do no damage.
Grinder is severely wounded.
Grinder gestures at you. You resist with significant effort.
You barely miss Grinder.
Grinder is severely wounded.
Grinder hits you!
* * * LOW HITPOINT WARNING * * *
You writhe in agony.
* * * LOW HITPOINT WARNING * * *
Unknown command.
Unknown command.
Unknown command.
You hit Grinder.
Grinder is severely wounded.
Grinder blinks!
You hit Grinder.
Grinder is severely wounded.
Grinder gestures at you.
You suddenly lose the ability to move!
Your transformation is almost over.
Grinder hits you.
You die...

#.# ..) ######.### ..?#
#........###### .....
#......#......#### .....
########.......... ...$..
..# #..........
.(....###.# #..........
......ยง.5.####'####.....
.#....s....#.....#.....
..............>......$..
..#.....................
#................... .
...##.#..............
...# #.#............##
.#. #.###..........# # #.
#..........# #..........#


You could see Grinder.

Vanquished Creatures
  Robin (D:2)
  3 worms (D:2)
  2 dart slugs
  4 leopard geckos
  A ball python (D:1)
  7 bats
  2 giant cockroaches (D:1)
  12 goblins
  10 hobgoblins
  2 frilled lizards
  5 kobolds
  6 rats
55 creatures vanquished.

Notes
Turn   | Place    | Note
-------+----------+-------------------------------------------
     0 | D:1      | MisterOstroum the Demonspawn Transmuter began the quest for
                  | the Orb.
     0 | D:1      | Reached XP level 1. HP: 15/15 MP: 3/3
   180 | D:1      | Gained mutation: You are partially covered in large bone
                  | plates. (SH +4) [demonic ancestry]
   180 | D:1      | Reached XP level 2. HP: 22/22 MP: 1/5
   305 | D:1      | Reached skill level 3 in Unarmed Combat
   805 | D:1      | Learned a level 2 spell: Sticks to Snakes
   900 | D:1      | Reached XP level 3. HP: 24/27 MP: 6/6
  1002 | D:1      | Learned a level 3 spell: Spider Form
  1341 | D:2      | Noticed Robin
  1362 | D:2      | Killed Robin
  1391 | D:2      | Found a blossoming altar of Fedhas.
  1395 | D:2      | HP: 1/27 [hobgoblin (2)]
  1417 | D:2      | HP: 2/40 [rat (1)]
  1420 | D:2      | Reached skill level 1 in Poison Magic
  2154 | D:2      | Gained mutation: You are partially covered in sharp spines.
                  | [demonic ancestry]
  2154 | D:2      | Reached XP level 4. HP: 34/34 MP: 3/7
  2377 | D:2      | Found a hazy altar of Hepliaklqana.
  2954 | D:3      | Noticed Grinder
  2966 | D:3      | HP: 1/34 [Grinder (3)]
  2968 | D:3      | Paralysed by Grinder for 4 turns
  2969 | D:3      | Slain by Grinder

Skill      XL: |  1  2  3 |
---------------+----------+-----
Fighting       | 2 |  2.5
Unarmed Combat | 3 |  3.2
Transmutations | 2 |  2.3
Poison Magic   | 1 |  1.7
Dodging        | |  1.7
Spellcasting   | |  2.0

Action                   |  1- 3 |  4- 6 || total
-------------------------+-------+-------++-------
Melee: Unarmed           |   145 |    32 ||   177
       Headbutt          |     2 |       ||     2
       Kick              |     8 |       ||     8
       Punch             |     2 |     1 ||     3
 Fire: Hunting sling     |       |    35 ||    35
Throw: Stone             |     1 |     1 ||     2
 Cast: Beastly Appendage |    16 |     1 ||    17
       Spider Form       |     6 |     3 ||     9
 Abil: End Transformatio |     1 |       ||     1
Evoke: Wand              |       |     5 ||     5
  Use: Scroll            |     1 |       ||     1
       Potion            |     2 |       ||     2
  Eat: Chunk             |     5 |     2 ||     7
Armor: Robe              |    21 |       ||    21
       Skin              |     9 |     4 ||    13
Dodge: Dodged            |    97 |    35 ||   132
Block: Other             |    18 |     2 ||    20
